 Dungeon Crawl Stone Soup version 0.30-a0-782-ge64f9170bb (webtiles) character file.

Game seed: 17214103734478923026

268 CrazyBamboolord the Slasher (level 6, -2/79 HPs)
             Began as an Armataur Gladiator on Mar 2, 2023.
             Killed from afar by Sigmund (7 damage)
             ... with a magic dart
             ... on level 3 of the Dungeon.
             The game lasted 00:05:18 (2157 turns).

CrazyBamboolord the Slasher (Armataur Gladiator)    Turns: 2157, Time: 00:05:19

Health: -2/79      AC: 23    Str: 20    XL:     6   Next: 0%
Magic:  6/6        EV:  1    Int:  8    God:
Gold:   70         SH:  0    Dex: 13    Spells: 5/5 levels left

rFire   . . .      SeeInvis .    a - +0 long sword
rCold   + . .      Faith    .    (no shield)
rNeg    . . .      Spirit   .    (body armour currently unavailable)
rPois   +          Reflect  .    (helmet currently unavailable)
rElec   .          Harm     .    (cloak currently unavailable)
rCorr   .          Roll     +    (gloves currently unavailable)
Will    .....      NoTele   +    (no barding)
Stlth   +                        (no amulet)
HPRegen 0.33/turn                h - ring of protection from cold
MPRegen 0.10/turn                (no ring)

@: confused, tree-form, hasted, very quick
A: stationary, stasis, torment immunity, boosted hp, large, rugged brown scales
3, (deformed body), (armoured tail), roll, long tongue, awkward tongue
a: no special abilities


You were on level 3 of the Dungeon.
You were a tree.
You visited 1 branch of the dungeon, and saw 3 of its levels.

You collected 70 gold pieces.

Inventory:

Hand Weapons
 a - a +0 long sword (weapon)
Missiles
 e - a javelin
 g - 3 throwing nets (quivered)
Armour
 b - a +0 leather armour (melded)
 c - a +0 helmet (melded)
 o - a +1 pair of gloves (melded)
Jewellery
 h - a ring of protection from cold (left branch)
Scrolls
 d - a scroll of silence {unknown}
 j - a scroll of summoning {unknown}
 k - 2 scrolls of noise
 l - a scroll of enchant armour {unknown}
 m - 3 scrolls of teleportation
 n - a scroll of immolation {unknown}
 r - a scroll of amnesia {unknown}
 t - a scroll of enchant weapon {unknown}
Potions
 f - 2 potions of brilliance
 i - 2 potions of magic
 s - a potion of lignification


   Skills:
 * Level 2.7 Fighting
 * Level 5.1 Long Blades
 - Level 1.7 Throwing
 * Level 2.5 Armour
 - Level 2.1 Dodging
 + Level 1.2 Stealth


You had 5 spell levels left.
You didn't know any spells.
Your spell library contained the following spells:

 Spells                   Type           Power      Damage    Failure   Level
 Foxfire                  Conj/Fire      0%         2x1d4     41%         1
 Call Canine Familiar     Summ           0%         N/A       78%         3
 Portal Projectile        Hex/Tloc       0%         N/A       78%         3
 Leda's Liquefaction      Hex/Erth       0%         N/A       99%         4
 Fireball                 Conj/Fire      0%         3d3       100%        5
 Starburst                Conj/Fire      0%         6d3       100%        6


Dungeon Overview and Level Annotations

Branches:
Dungeon (3/15)

Altars:
Kikubaaqudgha
Nemelex Xobeh
Zin

Annotations:
D:3 Sigmund


Innate Abilities, Weirdness & Mutations

You are a tree.
Your roots penetrate the ground, keeping you stationary.
You cannot be teleported.
You are immune to unholy pain and torment.
Your maximum health is greatly increased.
Your equipment is partially melded.
(You are completely covered in rugged brown scales. (AC +3, +7% HP))
((Armour fits poorly on your strangely shaped body.))
((You have a long armoured tail.))
You roll when moving toward enemies. (Rampage)
Your long tongue fully drains potion bottles. (2x potion effects)
Your tongue gives you trouble enunciating. (1.5x scroll delay)


Message History

You barely miss something.
You hear some strange, mumbled words.
A puff of flame appears from out of thin air!
The puff of flame hits you.
* * * LOW HITPOINT WARNING * * *
You miss something. Something hits you.
* * * LOW HITPOINT WARNING * * *
You slurp down every last drop of the 3 coppery potions!
It was a potion of magic.
Magic courses through your body.
You slurp down every last drop of the 2 fizzy orange potions!
It was a potion of lignification.
You turn into a tree.
Your +0 helmet melds into your body.
Your +1 pair of gloves melds into your body.
Your +0 leather armour melds into your body.
Your roots penetrate the ground.
You hear some strange, mumbled words.
You are confused.
You slurp down every last drop of the glowing emerald potion!
It was a potion of haste.
You feel yourself speed up. Something hits you but does no damage.
You cannot move. (Use ctrl+direction or * direction to attack while stationary and confused.)
You cannot move. (Use ctrl+direction or * direction to attack while stationary and confused.)
You cannot move. (Use ctrl+direction or * direction to attack while stationary and confused.)
You cannot move. (Use ctrl+direction or * direction to attack while stationary and confused.) Confused hit: a) +0 long sword
Press: ? - help, Dir - move target You barely miss something.
You attack the rock wall.
Something hits you.
* * * LOW HITPOINT WARNING * * *
You cannot move. (Use ctrl+direction or * direction to attack while stationary and confused.)
You attack the rock wall.
You cannot move. (Use ctrl+direction or * direction to attack while stationary and confused.)
You attack the rock wall.
Something hits you!
* * * LOW HITPOINT WARNING * * *
You attack the rock wall.
You attack the rock wall.
You hear some strange, mumbled words.
A magic dart appears from out of thin air!
The magic dart hits you!
You die...

.#.# #.#
#.##.......#
.†.# #.#
#.##.......#
.######.###
#.##.......#
..........#
#.##.......#
#######.#.#
#.##.......#
........#.#
#.##########
#########)##
#.# #####)†##
#{# #.......#
#♣# #.P._.P.#
#.# #.......#
#.# ####....#
#.#
##.######.####
#...........#
########.####
###


There were no monsters in sight!

Vanquished Creatures
  A phantom (D:2)
  An orc priest (D:3)
  2 orc wizards (D:3)
  3 adders
  A worm (D:2)
  A dart slug (D:1)
  14 orcs (D:3)
  3 ball pythons
  10 endoplasms
  5 giant cockroaches
  7 goblins
  3 hobgoblins
  A jackal (D:3)
  A kobold (D:3)
  A quokka (D:2)
  2 bats (D:1)
  4 frilled lizards
  2 rats
62 creatures vanquished.

Vanquished Creatures (others)
  An orc wizard (D:3)
1 creature vanquished.

Grand Total: 63 creatures vanquished

Notes
Turn   | Place    | Note
-------+----------+-------------------------------------------
     0 | D:1      | CrazyBamboolord the Armataur Gladiator began the quest for
                  | the Orb.
     0 | D:1      | Reached XP level 1. HP: 18/18 MP: 1/1
    84 | D:1      | Reached skill level 3 in Long Blades
   119 | D:1      | Reached XP level 2. HP: 25/25 MP: 2/2
   443 | D:1      | Reached skill level 1 in Armour
   731 | D:2      | Noticed a phantom
   748 | D:2      | HP: 1/25 [phantom (6)]
   751 | D:2      | Killed a phantom
   752 | D:2      | Reached skill level 4 in Long Blades
   752 | D:2      | Reached XP level 3. HP: 15/32 MP: 3/3
   752 | D:2      | Reached XP level 4. HP: 18/39 MP: 4/4
  1502 | D:3      | Found a glowing silver altar of Zin.
  1556 | D:3      | Reached XP level 5. HP: 44/44 MP: 5/5
  1629 | D:3      | Identified the +11 sling of the Orb {speed, Dex+2}
  1864 | D:3      | Found a sparkling altar of Nemelex Xobeh.
  1970 | D:3      | Reached skill level 1 in Stealth
  1981 | D:3      | Found an ancient bone altar of Kikubaaqudgha.
  1991 | D:3      | HP: 2/44 [orc priest/divine providence (13)]
  2001 | D:3      | Reached skill level 5 in Long Blades
  2007 | D:3      | Reached XP level 6. HP: 25/53 MP: 6/6
  2115 | D:3      | Noticed Sigmund
  2157 | D:3      | Killed from afar by Sigmund

Illustrated notes

Levels and vault maps discovered:
D:1:      heliophobic_arrival_henge, layout_loops_ring, minmay_ruptured
D:2:      layout_basic, grunt_decor_resistance, grunt_decor_cap
D:3:      layout_basic, mainiacjoe_overflow_tiny_flanked,
          nemelex_dance_club_becter, mainiacjoe_overflow_boulevard, uniq_sigmund

Skill      XL: |  1  2  3  4  5 |
---------------+----------------+-----
Long Blades    | 3 4 5 |  5.1
Fighting       | 2 |  2.7
Armour         | 1 2 |  2.5
Stealth        | 1 |  1.2
Throwing       | |  1.7
Dodging        | |  2.1

Action                     |  1- 3 |  4- 6 || total
---------------------------+-------+-------++-------
  Melee: Long sword        |    65 |   161 ||   226
         Tailslap          |     2 |    21 ||    23
         Punch             |       |     1 ||     1
  Throw: Throwing net      |     3 |       ||     3
    Use: Potion            |     2 |     5 ||     7
         Scroll            |     2 |       ||     2
   Stab: Sleeping          |     1 |     2 ||     3
 Armour: Leather armour    |    34 |    64 ||    98
         Skin              |       |     1 ||     1
  Dodge: Dodged            |    34 |    72 ||   106

Table legend: (Time is in decaauts)
 A = Elapsed time spent in this place.
 B = Non-inter-level travel time spent in this place.
 C = Inter-level travel time spent in this place.
 D = Time resting spent in this place.
 E = Time spent auto-exploring this place.
 F = Levels seen in this place.
 G = Mean time per level.
                   A        B        C        D        E       F      G
               +--------+--------+--------+--------+--------+-----+--------+
         Total |   2199 |   2152 |     47 |      0 |   1671 |   3 |  733.0 |
       Dungeon |   2199 |   2152 |     47 |      0 |   1671 |   3 |  733.0 |
               +--------+--------+--------+--------+--------+-----+--------+

Top non-repeatable levels by time:
     D:3: 745 daAuts
     D:1: 731 daAuts
     D:2: 722 daAuts
